 Dungeon Crawl Stone Soup version 0.29.1-4-g47bece8355 (webtiles) character file.

Game seed: 12978815951115906201

10261 xian the Thaumaturge (level 11, 0/50 HPs)
             Began as a Spriggan Air Elementalist on Dec 10, 2022.
             Was a Priest of Vehumet.
             Slain by GigaChad's ghost (12 damage)
             ... on level 9 of the Dungeon on Dec 11, 2022.
             The game lasted 00:47:43 (16339 turns).

xian the Thaumaturge (Spriggan Air Elementalist)   Turns: 16339, Time: 00:47:44

Health: 0/50       AC:  5    Str:  4    XL:     11   Next: 33%
Magic:  25/28      EV: 19    Int: 26    God:    Vehumet [***...]
Gold:   596        SH:  7    Dex: 17    Spells: 16/34 levels left

rFire   . . .      SeeInvis +   I - +2 whip (flame)
rCold   . . .      Faith    .   m - +2 buckler
rNeg    . . .      Spirit   .   y - +0 steam dragon scales
rPois   .          Reflect  .   (helmet restricted)
rElec   .          Harm     .   (no cloak)
rCorr   .          Rampage  .   (gloves unavailable)
Will    ++...                   (boots unavailable)
Stlth   +++.......              (no amulet)
HPRegen 0.16/turn               r - +6 ring of intelligence
MPRegen 0.21/turn               g - ring of willpower

@: very quick
A: very small, no large weapons, unfitting armour, see invisible, speed 3
a: Renounce Religion


You were on level 9 of the Dungeon.
You worshipped Vehumet.
Vehumet was most pleased with you.
You visited 3 branches of the dungeon, and saw 11 of its levels.
You also visited: Ossuary.

You collected 596 gold pieces.

Inventory:

Hand Weapons
 I - a +2 whip of flaming (weapon)
Missiles
 c - 53 poisoned darts
Armour
 m - a +2 buckler (worn)
 s - a +1 robe of cold resistance
 y - +0 steam dragon scales (worn)
 F - +0 ice dragon scales
Jewellery
 g - a ring of willpower (right hand)
 r - a +6 ring of intelligence (left hand)
 C - a ring of positive energy
Wands
 l - a wand of digging (8)
 o - a wand of mindburst (34)
 v - a wand of paralysis (18)
Scrolls
 a - 2 scrolls of enchant weapon {unknown}
 k - 5 scrolls of teleportation
 n - 2 scrolls of magic mapping
 t - a scroll of acquirement {unknown}
 u - a scroll of enchant armour
 w - 3 scrolls of amnesia {unknown}
 z - a scroll of silence
 A - a scroll of fog
 G - a scroll of immolation
Potions
 b - 3 potions of heal wounds {unknown}
 d - 2 potions of cancellation {unknown}
 e - 2 potions of lignification {unknown}
 h - 2 potions of curing
 i - 2 potions of flight {unknown}
 j - 2 potions of attraction {unknown}
 p - 4 potions of brilliance {unknown}
 q - 2 potions of might {unknown}
 x - a potion of magic
 B - 2 potions of haste {unknown}
 D - 3 potions of berserk rage {unknown}
 E - a potion of mutation {unknown}
 J - a potion of resistance {unknown}
 K - 2 potions of ambrosia
Miscellaneous
 f - a piece from Xom's chessboard (15/15)
 H - a phial of floods


   Skills:
 + Level 2.0 Fighting
 + Level 3.4 Maces & Flails
 * Level 2.4 Armour
 + Level 6.2 Dodging
 + Level 6.1 Stealth
 * Level 0.4 Shields
 + Level 12.2 Spellcasting
 + Level 5.8 Conjurations
 + Level 1.2 Summonings
 + Level 9.0 Air Magic
 + Level 0.5 Evocations


You had 16 spell levels left.
You knew the following spells:

 Your Spells              Type           Power      Damage    Failure   Level
a - Shock                 Conj/Air       100%       1d9       1%          1
b - Static Discharge      Conj/Air       53%        3-10/arc  1%          2
c - Summon Small Mammal   Summ           88%        N/A       4%          1
d - Swiftness             Air            58%        N/A       1%          3
e - Airstrike             Air            29%        2d(5-21)  1%          4
f - Lightning Bolt        Conj/Air       26%        1d42      3%          5
g - Searing Ray           Conj           92%        2d7       1%          2

Your spell library contained the following spells:

 Spells                   Type           Power      Damage    Failure   Level
 Ignite Poison            Fire/Tmut/Pois 15%        N/A       7%          3
 Foxfire                  Conj/Fire      100%       2x1d9     1%          1
 Conjure Flame            Conj/Fire      31%        6-21      2%          3
 Stone Arrow              Conj/Erth      62%        3d10      2%          3
 Frozen Ramparts          Ice            30%        1d5       7%          3
 Inner Flame              Hex/Fire       15%        N/A       7%          3
 Flame Wave               Conj/Fire      31%        2d9       7%          4
 Call Canine Familiar     Summ           22%        N/A       14%         3
 Summon Guardian Golem    Hex/Summ       19%        N/A       19%         3
 Animate Armour           Summ/Erth      38%        N/A       52%         4
 Summon Ice Beast         Ice/Summ       19%        N/A       52%         4
 Ice Form                 Ice/Tmut       15%        N/A       63%         4
 Maxwell's Capacitive Co  Air            29%        ∞         95%         8
 Lehudib's Crystal Spear  Conj/Erth      15%        10d5      100%        8


Dungeon Overview and Level Annotations

Branches:
Dungeon (9/15)             Temple (1/1) D:5             Orc (1/2) D:9
Ossuary (visited)
   Lair: D:8-11

Altars:
Ashenzari
Cheibriados
Elyvilon
Fedhas
Hepliaklqana
Makhleb
Nemelex Xobeh
Qazlal
Ru
Sif Muna
Uskayaw
Vehumet
Wu Jian
Xom
Yredelemnul
The Shining One

Shops:
D:2 =

Annotations:
D:3 Ijyb
D:9 1 transporter, GigaChad's ghost, novice MiFi


Innate Abilities, Weirdness & Mutations

You are very small and have problems with some larger weapons.
You are too small for most types of armour.
You have supernaturally acute eyesight. (SInv)
You cover ground extremely quickly. (Speed+++)


Message History

You feel yourself speed up.
You feel sick.
You feel sick.
K - 2 potions of ambrosia You feel sick.
Casting: Static Discharge (safe; 1% risk of failure)
Confirm with . or Enter, or press ? or * to list all spells.
Aiming: Airstrike (dangerous; 1% risk of failure)
Press: ? - help, Dir - move target, f - GigaChad's ghost
Aim: GigaChad's ghost, wielding a weapon of pain (empty space bonus: 4/8)
Okay, then.
Casting: Airstrike (dangerous; 1% risk of failure)
Confirm with . or Enter, or press ? or * to list all spells.
Aiming: Lightning Bolt (dangerous; 3% risk of failure)
Press: ? - help, Shift-Dir - straight line, f - GigaChad's ghost
Aim: GigaChad's ghost, wielding a weapon of pain (64% to hit)
Okay, then.
Unknown command.
Casting: Lightning Bolt (dangerous; 3% risk of failure)
Confirm with . or Enter, or press ? or * to list all spells.
Aiming: Airstrike (dangerous; 1% risk of failure)
Press: ? - help, Dir - move target, f - GigaChad's ghost
Aim: GigaChad's ghost, wielding a weapon of pain (empty space bonus: 4/8)
Okay, then.
Unknown command.
Casting: Airstrike (dangerous; 1% risk of failure)
Confirm with . or Enter, or press ? or * to list all spells.
Aiming: Searing Ray (safe; 1% risk of failure)
Press: ? - help, Shift-Dir - straight line, f - GigaChad's ghost
Aim: GigaChad's ghost, wielding a weapon of pain (82% to hit)
The searing ray hits GigaChad's ghost.
GigaChad's ghost is lightly damaged. (Press . to maintain the ray.)
You feel sick.
The searing ray hits GigaChad's ghost but does no damage.
GigaChad's ghost is lightly damaged.
You feel sick.
You are no longer poisoned.
GigaChad's ghost hits you!
You die...

..# #...##...#...##....# #...#
..####...#!#.#.#.#.#....#####...#
.........#).#y..#†.#.............
###.###.©#©.#.#.#!©#©............
#.# ##.#).#...#..#.###.####..##
#.# #.#$#.#.#.#.#.# #.# #..# #.#
#.##..!#...##.# #.# #..# #.#
#.####.#.#W##.# #.# #..# #.#
#.##...#.@.##.# #.# #..#
#.####.###.###.###.###.# #..##
#.......#########......# #....
#######..###.###..#.#### #####
##............# #####......###
########


You could see a queen bee and GigaChad's ghost.

Vanquished Creatures
  A hydra (D:7)
  A two-headed ogre (D:9)
  Pikel (D:9)
  An ugly thing (D:7)
  The ghost of Sambug2000 the Chopper, a novice MiBe of Trog (D:6)
  A gargoyle (D:7)
  Grinder (D:5)
  A troll (D:9)
  A hornet (D:9)
  A wraith (D:7)
  A shadow (D:9)
  5 steam dragons
  An acid dragon (D:8)
  Duvessa (D:7)
  3 water moccasins
  4 orc warriors
  3 sky beasts (D:7)
  3 black bears (D:5)
  2 ice beasts (D:7)
  8 ogres
  7 centaurs
  6 kobold brigands
  2 bullfrogs
  2 elf zombies (Ossuary)
  9 scorpions
  3 gnoll sergeants (D:9)
  A necrophage (D:6)
  6 wights
  Dowan (D:7)
  7 killer bees
  2 howler monkeys
  2 centaur zombies (Ossuary)
  4 hounds
  4 jellies (D:7)
  2 gnoll boudas (D:7)
  6 iguanas
  Terence (D:2)
  5 orc wizards
  3 mummies
  9 adders
  9 gnolls
  A shadow imp (D:5)
  2 white imps (D:7)
  An ufetubus (D:7)
  An adder zombie (Ossuary)
  3 dart slugs
  22 orcs
  3 ball pythons
  5 bats
  8 endoplasms
  3 giant cockroaches
  10 goblins
  2 hobgoblins
  3 jackals (D:3)
  16 kobolds
  3 quokkas
  2 frilled lizards (D:2)
  A goblin zombie (Ossuary)
  12 hobgoblin zombies (Ossuary)
  A jackal zombie (Ossuary)
  9 kobold zombies (Ossuary)
  7 orc zombies (Ossuary)
  10 rats
  2 rat zombies (Ossuary)
259 creatures vanquished.

Vanquished Creatures (collateral kills)
  A sky beast (D:7)
1 creature vanquished.

Grand Total: 260 creatures vanquished

Notes
Turn   | Place    | Note
-------+----------+-------------------------------------------
     0 | D:1      | xian the Spriggan Air Elementalist began the quest for the
                  | Orb.
     0 | D:1      | Reached XP level 1. HP: 9/9 MP: 5/5
   203 | D:1      | Reached XP level 2. HP: 13/13 MP: 2/6
   441 | D:1      | Reached skill level 3 in Spellcasting
   452 | D:1      | Learned a level 2 spell: Static Discharge
  1028 | D:1      | Reached XP level 3. HP: 16/16 MP: 5/8
  1171 | D:1      | Learned a level 1 spell: Summon Small Mammal
  1723 | D:2      | Noticed Terence
  1755 | D:2      | Killed Terence
  1756 | D:2      | Reached XP level 4. HP: 2/21 MP: 6/10
  2165 | D:2      | Found Difor's One-of-a-Kind Rings.
  2490 | D:3      | Reached skill level 1 in Conjurations
  2644 | D:3      | Reached skill level 4 in Spellcasting
  2799 | D:3      | Found a broken altar of Ashenzari.
  3191 | D:3      | Noticed Ijyb
  3815 | D:3      | Reached XP level 5. HP: 22/24 MP: 5/12
  3924 | D:4      | Noticed an ogre
  3933 | D:4      | Killed an ogre
  3934 | D:4      | Reached skill level 5 in Spellcasting
  3934 | D:4      | Reached XP level 6. HP: 24/28 MP: 0/14
  4171 | D:4      | Found a sparkling altar of Nemelex Xobeh.
  4171 | D:4      | Found a hide-covered altar of Uskayaw.
  4497 | D:4      | Found a hazy altar of Hepliaklqana.
  4516 | D:4      | Found a white marble altar of Elyvilon.
  4799 | D:4      | Reached XP level 7. HP: 28/32 MP: 7/16
  4937 | D:4      | Found a glowing golden altar of the Shining One.
  4961 | D:4      | Reached skill level 6 in Spellcasting
  5032 | D:5      | Entered Level 5 of the Dungeon
  5146 | D:5      | Noticed Grinder
  5155 | D:5      | Killed Grinder
  5156 | D:5      | Reached skill level 5 in Air Magic
  5521 | D:5      | Learned a level 3 spell: Swiftness
  5526 | D:5      | Learned a level 4 spell: Airstrike
  5540 | D:5      | Reached skill level 7 in Spellcasting
  5540 | D:5      | Reached XP level 8. HP: 29/36 MP: 7/19
  6136 | D:5      | Found a staircase to the Ecumenical Temple.
  6159 | Temple   | Entered the Ecumenical Temple
  6271 | Temple   | Became a worshipper of Vehumet
  6843 | D:6      | Found a sand-covered staircase.
  6853 | Ossuary  | Entered an ossuary
  6980 | Ossuary  | Reached * piety under Vehumet
  6980 | Ossuary  | Offered knowledge of Sandblast by Vehumet.
  7087 | Ossuary  | Reached skill level 1 in Maces & Flails
  7087 | Ossuary  | Reached skill level 8 in Spellcasting
  7244 | Ossuary  | Reached skill level 5 in Stealth
  7708 | D:6      | Reached XP level 9. HP: 13/40 MP: 16/22
  7947 | D:6      | Found a burning altar of Makhleb.
  8032 | D:6      | Reached skill level 1 in Fighting
  8148 | D:6      | Found a runed translucent door.
  8156 | D:6      | Noticed Sambug2000's ghost (novice MiBe)
  8229 | D:6      | Found an ornate altar of the Wu Jian Council.
  8277 | D:6      | Reached ** piety under Vehumet
  8283 | D:6      | Offered knowledge of Freeze by Vehumet.
  8346 | D:6      | Learned a level 5 spell: Lightning Bolt
  8363 | D:6      | Killed Sambug2000's ghost
  8868 | D:7      | Noticed Duvessa
  8868 | D:7      | Noticed Dowan
  8873 | D:7      | Killed Dowan
  8874 | D:7      | Reached skill level 5 in Conjurations
  8884 | D:7      | Killed Duvessa
  8885 | D:7      | Reached skill level 9 in Spellcasting
  9679 | D:7      | HP: 2/41 [sky beast (6)]
 10166 | D:7      | HP: 2/41 [poisoned by a water moccasin]
 10171 | D:7      | HP: 1/41 [/static electricity (5)]
 10491 | D:7      | Found a snail-covered altar of Cheibriados.
 10492 | D:7      | Found a sacrificial altar of Ru.
 10496 | D:7      | Found a sacrificial altar of Ru.
 10496 | D:7      | Found a shimmering altar of Xom.
 10531 | D:7      | Reached XP level 10. HP: 34/46 MP: 8/24
 10696 | D:7      | Reached skill level 10 in Spellcasting
 11037 | D:7      | Reached skill level 5 in Dodging
 11278 | D:7      | Noticed a five-headed hydra
 11578 | D:7      | Killed a five-headed hydra
 11579 | D:7      | Reached skill level 1 in Summonings
 11871 | D:7      | Noticed a white ugly thing
 11875 | D:7      | Noticed a gargoyle
 12039 | D:7      | Offered knowledge of Searing Ray by Vehumet.
 12043 | D:7      | Learned a level 2 spell: Searing Ray
 12176 | D:7      | Killed a white ugly thing
 12387 | D:7      | Killed a gargoyle
 12472 | D:8      | Reached skill level 11 in Spellcasting
 12556 | D:8      | Reached skill level 1 in Armour
 12661 | D:8      | Reached *** piety under Vehumet
 13803 | D:9      | Noticed Pikel
 13807 | D:9      | Killed Pikel
 13880 | D:9      | Noticed a two-headed ogre
 13888 | D:9      | Killed a two-headed ogre
 13889 | D:9      | Reached XP level 11. HP: 50/50 MP: 10/27
 14067 | D:9      | Noticed GigaChad's ghost (novice MiFi)
 14069 | D:9      | Found a transporter.
 14074 | D:9      | Found a transporter.
 14075 | D:9      | Found the +3 giant club "Skullcrusher" {speed, Str+7}
 15176 | D:9      | Found a staircase to the Orcish Mines.
 15180 | D:9      | Reached skill level 12 in Spellcasting
 15186 | D:9      | HP: 2/50 [troll (12)]
 15714 | D:9      | Offered knowledge of Ignite Poison by Vehumet.
 16063 | Orc:1    | Entered Level 1 of the Orcish Mines
 16063 | Orc:1    | Noticed a two-headed ogre
 16339 | D:9      | Slain by GigaChad's ghost

Illustrated notes

Levels and vault maps discovered:
D:1:      psy_arrival_conway, layout_loops_corners
D:2:      layout_rooms, nicolae_shop_unique_rings, grunt_decor_one_mirror,
          uniq_terence
D:3:      layout_basic, cheibrodos_ashenzari_chains, grunt_decor_mini_mirrors,
          uniq_ijyb
D:4:      layout_rooms, tso_altar, amcnicky_altar_gilded, elyvilon_altar_5,
          nicolae_overflow_two_pavilions
D:5:      layout_basic, minmay_temple_entry_wispy, uniq_grinder
D:6:      layout_loops_ring, general_overflow_altar,
          mainiacjoe_overflow_six_doors_small, hellmonk_ghost_happy_afterlife,
          gup_ossuary_entry_pyramid
D:7:      minmay_the_grid_octo_tiled_octocenter [minmay_the_grid_octo_shrine,
          minmay_the_grid_octo_horde, minmay_the_grid_octo_vomiting_pacman,
          minmay_the_grid_octo_odd_swirl,
          minmay_the_grid_octo_prize_single_spiral,
          minmay_the_grid_square_5x5_eight, minmay_the_grid_square_5x5_n_small,
          minmay_the_grid_square_5x5_trominoes,
          minmay_the_grid_square_5x5_bite], layout_rooms, uniq_duvessa
D:8:      layout_basic, skrybe_limestone_x
D:9:      layout_small_grid, kennysheep_orc_monster_closet_entryway,
          gammafunk_ghost_hive, uniq_pikel
Temple:   nicolae_temple_great_sept
Orc:1:    layout_caves, basic_altar

Skill      XL: |  1  2  3  4  5  6  7  8  9 10 11 |
---------------+----------------------------------+-----
Air Magic      | 3 4 5 6 7 8 9 |  9.0
Spellcasting   | 3 4 5 7 8 9 11 12 | 12.2
Conjurations   | 1 2 3 4 5 |  5.8
Stealth        | 4 5 6 |  6.1
Dodging        | 3 4 5 6 |  6.2
Maces & Flails | 1 2 3 |  3.4
Fighting       | 1 2 |  2.0
Summonings     | 1 |  1.2
Armour         | 1 2 |  2.4
Shields        | |  0.4
Evocations     | |  0.5

Action                   |  1- 3 |  4- 6 |  7- 9 | 10-12 || total
-------------------------+-------+-------+-------+-------++-------
Melee: Unarmed           |     4 |       |       |       ||     4
       Dagger            |    25 |     4 |       |       ||    29
       Punch             |     1 |       |     1 |       ||     2
       Whip              |       |    10 |    89 |    83 ||   182
 Cast: Shock             |    56 |   113 |   180 |    21 ||   370
       Static Discharge  |     5 |     7 |    61 |    37 ||   110
       Summon Small Mamm |     3 |       |     3 |     8 ||    14
       Airstrike         |       |       |     4 |    84 ||    88
       Lightning Bolt    |       |       |     2 |    10 ||    12
       Searing Ray       |       |       |       |     3 ||     3
Evoke: Piece from Xom's  |       |       |       |     2 ||     2
  Use: Potion            |     1 |       |     2 |     1 ||     4
       Scroll            |       |       |     8 |     6 ||    14
 Stab: Sleeping          |       |       |     2 |       ||     2
       Distracted        |       |       |     1 |       ||     1
Armor: Robe              |     5 |     4 |     5 |       ||    14
       Steam dragon scal |       |       |    14 |    16 ||    30
       Ice dragon scales |       |       |       |     3 ||     3
Dodge: Dodged            |    28 |    23 |   135 |   127 ||   313
Block: Buckler           |       |       |       |     3 ||     3
